 Dungeon Crawl Stone Soup version 0.27-a0-1590-g15f6982 (webtiles) character file.

Game seed: 7179994572607112547

76 Geeful the Skirmisher (level 4, -20/35 HPs)
             Began as a Demonspawn Abyssal Knight on July 18, 2021.
             Was a Follower of Lugonu.
             Demolished by an ogre (33 damage)
             ... on level 3 of the Dungeon.
             The game lasted 00:04:49 (3055 turns).

Geeful the Skirmisher (Demonspawn Abyssal Knight)   Turns: 3055, Time: 00:04:50

Health: -20/35     AC:  6    Str: 13    XL:     4   Next: 12%
Magic:  6/6        EV:  9    Int: 14    God:    Lugonu [*.....]
Gold:   51         SH:  0    Dex: 14    Spells: 3/3 levels left

rFire    . . .     SeeInvis .     - Unarmed
rCold    . . .     Faith    .   (no shield)
rNeg     . . .     Spirit   .   f - +0 scale mail
rPois    .         Reflect  .   (no helmet)
rElec    .         Harm     .   (no cloak)
rCorr    .         Rampage  .   (no gloves)
Will     .....                  (no boots)
Stlth    +.........             g - amulet of the acrobat
HPRegen  0.11/turn              (no ring)
MPRegen  0.10/turn              (no ring)

@: no status effects
A: thin skeletal structure 1, demonic magic 1
a: Renounce Religion, Depart the Abyss


You were on level 3 of the Dungeon.
You worshipped Lugonu.
Lugonu was aware of your devotion.
You visited 1 branch of the dungeon, and saw 3 of its levels.
You visited the Abyss 1 time.

You collected 51 gold pieces.

Inventory:

Missiles
 a - 6 silver boomerangs
Armour
 f - a +0 scale mail (worn)
Jewellery
 g - an amulet of the acrobat (around neck)
 h - a ring of magical power
Scrolls
 b - a scroll of blinking
 d - 2 scrolls of amnesia
 e - a scroll of identify
Potions
 c - a potion of curing


   Skills:
 + Level 3.4 Fighting
 + Level 2.3 Armour
 + Level 1.7 Dodging
 + Level 2.3 Unarmed Combat
 + Level 3.3 Invocations


You had 3 spell levels left.
You didn't know any spells.
Your spell library contained the following spells:

 Spells                   Type           Power      Damage    Failure   Level
 Static Discharge         Conj/Air       0%         N/A       90%         2
 Lightning Bolt           Conj/Air       0%         1d11      100%        5
 Maxwell's Capacitive Co  Air            0%         ∞         100%        8


Dungeon Overview and Level Annotations

Branches:
Dungeon (3/15)

Altars:
Makhleb


Innate Abilities, Weirdness & Mutations

You have a somewhat thin skeletal structure. (Dex +2, Stealth+)
Spells you cast may paralyse adjacent enemies.


Message History

You kill the adder!
Lugonu accepts your kill.
You feel sick.
You have reached level 4!
You feel clever.
You feel sick.
You feel sick.
You feel sick.
You are no longer poisoned.
You see here an adder corpse.
Found a whip.
Found a burning altar of Makhleb.
An ogre comes into view. It is wielding a +0 giant spiked club.
The ogre shouts!
An orc wizard comes into view. It is wielding a +0 dagger.
The orc wizard shouts!
The ogre completely misses you.
You hit the ogre.
The ogre is lightly wounded.
You hit the ogre.
The ogre is moderately wounded.
The ogre barely misses you.
You hit the ogre but do no damage.
The ogre is moderately wounded.
The ogre hits you with a +0 giant spiked club.
You barely miss the ogre.
The ogre is lightly wounded.
The orc wizard points at you and mumbles some strange words.
The puff of flame hits you.
The ogre hits you with a +0 giant spiked club!
You are too injured to fight recklessly!
You are too injured to fight recklessly!
You are too injured to fight recklessly!
You are too injured to fight recklessly!
You hit the ogre.
The ogre is moderately wounded.
You hit the ogre.
The ogre is moderately wounded.
The ogre hits you with a +0 giant spiked club!!
Ouch! That really hurt!
You die...

###.# #...#
#.#.# #...#
#._.# #...#####
#O....... ##@#
#####.##.#..#
####..†........#
#....###.##.##.#
#.#...###.# # #
#.#.# #..
##.#.## #..
#.###.# ###
##.#.##


You could see an ogre.

Vanquished Creatures
  3 adders
  A dart slug (D:1)
  3 orcs (D:3)
  6 bats
  4 endoplasms
  A giant cockroach (D:1)
  3 goblins
  7 hobgoblins
  3 quokkas (D:1)
  4 ball pythons (D:1)
  A frilled lizard (D:1)
  4 rats
40 creatures vanquished.

Vanquished Creatures (others)
  9 toadstools (D:3)
9 creatures vanquished.

Grand Total: 49 creatures vanquished

Notes
Turn   | Place    | Note
-------+----------+-------------------------------------------
     0 | Abyss:1  | Geeful the Demonspawn Abyssal Knight began the quest for
                  | the Orb.
     0 | Abyss:1  | Reached XP level 1. HP: 18/18 MP: 2/2
     3 | Abyss:1  | Found a corrupted altar of Lugonu.
    29 | Abyss:1  | Noticed a small abomination
    30 | Abyss:1  | Noticed a worldbinder
    33 | D:1      | Escaped the Abyss
   157 | D:1      | Reached skill level 1 in Dodging
   296 | D:1      | Gained mutation: Spells you cast may paralyse adjacent
                  | enemies. [demonic ancestry]
   296 | D:1      | Reached XP level 2. HP: 22/24 MP: 4/4
   577 | D:1      | Reached * piety under Lugonu
  1058 | D:1      | Gained mutation: You have a somewhat thin skeletal
                  | structure. (Dex +2, Stealth+) [demonic ancestry]
  1058 | D:1      | Reached XP level 3. HP: 16/29 MP: 5/5
  1970 | D:2      | Found a faded altar of an unknown god.
  2445 | D:3      | HP: 1/29 [poisoned by an adder]
  2964 | D:3      | Reached XP level 4. HP: 29/35 MP: 6/6
  3046 | D:3      | Found a burning altar of Makhleb.
  3047 | D:3      | Noticed an ogre
  3055 | D:3      | Demolished by an ogre

Illustrated notes

Levels and vault maps discovered:
D:1:      nicolae_arrival_washed_ashore, layout_loops_ring, chequers_arboretum,
          roderic_filled_cross, minmay_surrounded
D:2:      layout_rooms, chequers_ecumenical_altar_simple
D:3:      cheibrodos_fertilizer, layout_loops_ring, bloody_makhleb,
          serial_shops, shop, roderic_roman_lattice, minmay_liquid_box,
          dk_vineyard_3, uniq_natasha

Skill      XL: |  1  2  3 |
---------------+----------+-----
Dodging        | 1 |  1.7
Armour         | 2 |  2.3
Unarmed Combat | 2 |  2.3
Invocations    | 3 |  3.3
Fighting       | |  3.4

Action                   |  1- 3 |  4- 6 || total
-------------------------+-------+-------++-------
Melee: Unarmed           |   228 |     6 ||   234
       Punch             |     3 |       ||     3
Invok: Depart the Abyss  |     1 |       ||     1
  Use: Scroll            |     5 |       ||     5
 Stab: Sleeping          |     1 |       ||     1
Armor: Leather armour    |    56 |       ||    56
       Scale mail        |    30 |       ||    30
Dodge: Dodged            |   145 |     2 ||   147

Table legend: (Time is in decaauts)
 A = Elapsed time spent in this place.
 B = Non-inter-level travel time spent in this place.
 C = Inter-level travel time spent in this place.
 D = Time resting spent in this place.
 E = Time spent auto-exploring this place.
 F = Levels seen in this place.
 G = Mean time per level.
                   A        B        C        D        E       F      G
               +--------+--------+--------+--------+--------+-----+--------+
         Total |   3048 |   2976 |     72 |    335 |   2192 |   4 |  762.0 |
       Dungeon |   3013 |   2941 |     72 |    335 |   2192 |   3 | 1004.3 |
         Abyss |     34 |     34 |      0 |      0 |      0 |   1 |   34.0 |
               +--------+--------+--------+--------+--------+-----+--------+

Top non-repeatable levels by time:
     D:1: 1437 daAuts
     D:2: 910 daAuts
     D:3: 665 daAuts
 Abyss:1: 34 daAuts
